 Dungeon Crawl Stone Soup version 0.30-a0-266-g2b27a225a3 (webtiles) character file.

Game seed: 13762471329418381374

357 Pixllover the Trooper (level 6, -2/67 HPs)
             Began as an Ogre Berserker on Oct 14, 2022.
             Was a Believer of Trog.
             Slain by a phantom (7 damage)
             ... on level 4 of the Dungeon.
             The game lasted 00:08:10 (2596 turns).

Pixllover the Trooper (Ogre Berserker)              Turns: 2596, Time: 00:08:11

Health: -2/67      AC:  3    Str: 22 (24) XL:     6   Next: 64%
Magic:  6/6        EV: 10    Int:  5 (8)  God:    Trog [**....]
Gold:   151        SH:  0    Dex:  7 (8)  Spells: 5/5 levels left

rFire   . . .      SeeInvis .    a - +0 hand axe
rCold   . . .      Faith    .    (no shield)
rNeg    . . .      Spirit   .    b - +0 animal skin
rPois   .          Reflect  .    (helmet restricted)
rElec   .          Harm     .    (no cloak)
rCorr   .          Rampage  .    (gloves unavailable)
Will    .....                    (boots unavailable)
Stlth   +.........               c - amulet of regeneration
HPRegen 1.11/turn                (no ring)
MPRegen 0.10/turn                (no ring)

@: no status effects
A: large, unfitting armour, tough skin 1
a: Renounce Religion, Berserk, Trog's Hand


You were on level 4 of the Dungeon.
You worshipped Trog.
Trog was pleased with you.
You visited 1 branch of the dungeon, and saw 4 of its levels.

You collected 151 gold pieces.

Inventory:

Hand Weapons
 a - a +0 hand axe (weapon)
Missiles
 i - 5 javelins
 l - 7 poisoned darts (quivered)
Armour
 b - a +0 animal skin (worn)
 f - a +0 robe
Jewellery
 c - an amulet of regeneration (around neck)
 m - an amulet of reflection
Scrolls
 d - 2 scrolls of magic mapping
 g - a scroll of noise {unknown}
 k - a scroll of amnesia {unknown}
 n - a scroll of acquirement {unknown}
 o - a scroll of poison {unknown}
 p - a scroll of teleportation {unknown}
 q - a scroll of identify
Potions
 e - 3 potions of attraction
 h - a potion of berserk rage


   Skills:
 + Level 5.9 Fighting
 + Level 5.3 Axes
 + Level 3.9 Dodging
 + Level 0.8 Stealth


You had 5 spell levels left.
You didn't know any spells.
Your spell library was empty.

Dungeon Overview and Level Annotations

Branches:
Dungeon (4/15)
 Temple: D:4-7

Altars:
Gozag
Sif Muna

Annotations:
D:4 3 runed translucent doors, fly's ghost, amateur DgDe


Innate Abilities, Weirdness & Mutations

You are too large for most types of armour.
You have tough skin. (AC +1)


Message History

You hit the phantom.
The iguana bites you but does no damage.
The phantom hits you.
You hit the iguana but do no damage.
The iguana is heavily wounded.
You closely miss the phantom. The phantom hits you. The iguana bites you!
* * * LOW HITPOINT WARNING * * *
You hit the iguana but do no damage.
The iguana is heavily wounded.
You closely miss the phantom. The iguana bites you.
* * * LOW HITPOINT WARNING * * *
The phantom hits you.
* * * LOW HITPOINT WARNING * * *
The phantom blinks!
You blink.
Found 7 gold pieces.
It was a potion of curing.
You feel better. The phantom hits you.
* * * LOW HITPOINT WARNING * * *
You barely miss the phantom.
The phantom is almost destroyed.
The phantom barely misses you.
You hit the phantom.
The phantom is almost destroyed.
The phantom hits you!
* * * LOW HITPOINT WARNING * * *
It was a potion of degeneration.
There was something very wrong with that liquid.
You feel weakened.
You feel dopey.
You feel clumsy.
The phantom hits you but does no damage.
You barely miss the phantom.
The phantom is almost destroyed.
The phantom hits you.
* * * LOW HITPOINT WARNING * * *
The phantom blinks!
You blink.
Found a ring mail.
The phantom attacks as you move away! The phantom hits you.
* * * LOW HITPOINT WARNING * * *
Found a scroll labelled WUIBUH GOUR.
Okay, then.
Found 6 gold pieces.
The phantom attacks as you move away! The phantom hits you!
You die...

# ####.......# #..
..#.###.#)######. #..
#.#.###.#........ #.$.
#.#.##.?.........
?..###................
.........##..#.######.
#.#.##....†...# $
#.#..W.l....#.#
#...@...###.#$#
#.......# #.# #
#.#.#........ ..
[.#.####### ## .###..
.. ##.# ## .# .#


You could see a phantom and an iguana.

Vanquished Creatures
  The ghost of BlueGoblin the Vexing, an amateur FoHs (D:3)
  A centaur (D:3)
  Jessica (D:3)
  Terence (D:2)
  3 adders
  A shadow imp (D:3)
  3 worms
  A dart slug (D:2)
  An orc (D:4)
  6 ball pythons
  5 endoplasms
  2 giant cockroaches (D:1)
  5 goblins
  5 hobgoblins
  10 kobolds
  6 quokkas
  2 bats
  3 frilled lizards
  7 rats
64 creatures vanquished.

Vanquished Creatures (others)
  4 plants (D:1)
  8 withered plants (D:1)
12 creatures vanquished.

Grand Total: 76 creatures vanquished

Notes
Turn   | Place    | Note
-------+----------+-------------------------------------------
     0 | D:1      | Pixllover the Ogre Berserker began the quest for the Orb.
     0 | D:1      | Reached XP level 1. HP: 24/24 MP: 1/1
    49 | D:1      | Found a faded altar of an unknown god.
   289 | D:1      | Reached XP level 2. HP: 33/33 MP: 2/2
   878 | D:2      | Identified the +0 chain mail "Demimn" {rC++}
   891 | D:2      | Noticed Terence
   912 | D:2      | Reached XP level 3. HP: 32/40 MP: 3/3
   916 | D:2      | Killed Terence
   974 | D:2      | Reached ** piety under Trog
  1074 | D:2      | Reached XP level 4. HP: 49/49 MP: 4/4
  1322 | D:2      | Reached skill level 5 in Fighting
  1807 | D:3      | Found a runed translucent gate.
  1807 | D:3      | Noticed a centaur
  1808 | D:3      | Found a runed translucent gate.
  1808 | D:3      | Found a runed translucent gate.
  1808 | D:3      | Noticed BlueGoblin's ghost (amateur FoHs)
  2135 | D:3      | Killed BlueGoblin's ghost
  2135 | D:3      | Killed a centaur
  2136 | D:3      | Reached skill level 5 in Axes
  2136 | D:3      | Reached XP level 5. HP: 59/59 MP: 5/5
  2136 | D:3      | Reached XP level 6. HP: 67/67 MP: 6/6
  2343 | D:3      | Noticed Jessica
  2351 | D:3      | Killed Jessica
  2365 | D:3      | Found a shimmering blue altar of Sif Muna.
  2532 | D:4      | Found a runed translucent gate.
  2533 | D:4      | Found a runed translucent gate.
  2534 | D:4      | Found a runed translucent gate.
  2535 | D:4      | Found an opulent altar of Gozag.
  2536 | D:4      | Noticed fly's ghost (amateur DgDe)
  2536 | D:4      | Noticed an orc warrior
  2586 | D:4      | HP: 1/67 [phantom (7)]
  2592 | D:4      | HP: 1/67 [phantom (5)]
  2596 | D:4      | Slain by a phantom

Illustrated notes

Levels and vault maps discovered:
D:1:      dpeg_arrival_round_a, layout_basic,
          shapermc_ecumenical_altar_flowoftime, minmay_splitting_lines
D:2:      layout_loops_ring, corner_web_ring, minmay_misc_feat_diagonals,
          uniq_terence
D:3:      layout_basic, tgw_sif, gammafunk_ghost_split
D:4:      minmay_wonky_spiral, layout_loops_cross, portal_sewer_entry_f,
          ebering_ghost_gozag

Skill      XL: |  1  2  3  4 |
---------------+-------------+-----
Dodging        | 3 |  3.9
Axes           | 5 |  5.3
Fighting       | 5 |  5.9
Stealth        | |  0.8

Action                   |  1- 3 |  4- 6 || total
-------------------------+-------+-------++-------
Melee: Hand axe          |   113 |   146 ||   259
Invok: Berserk           |     1 |     1 ||     2
  Use: Scroll            |       |     4 ||     4
       Potion            |       |     3 ||     3
Armor: Animal skin       |    20 |    41 ||    61
Dodge: Dodged            |    54 |    89 ||   143

Table legend: (Time is in decaauts)
 A = Elapsed time spent in this place.
 B = Non-inter-level travel time spent in this place.
 C = Inter-level travel time spent in this place.
 D = Time resting spent in this place.
 E = Time spent auto-exploring this place.
 F = Levels seen in this place.
 G = Mean time per level.
                   A        B        C        D        E       F      G
               +--------+--------+--------+--------+--------+-----+--------+
         Total |   2641 |   2550 |     91 |      0 |   1284 |   4 |  660.2 |
       Dungeon |   2641 |   2550 |     91 |      0 |   1284 |   4 |  660.2 |
               +--------+--------+--------+--------+--------+-----+--------+

Top non-repeatable levels by time:
     D:2: 909 daAuts
     D:1: 830 daAuts
     D:3: 827 daAuts
     D:4: 73 daAuts
